AoeStats
← 150490644@

Arena

507489815Analyzed
1v1 RM · 13d ago on Sep 18, 2026· 30m 36s· 2 players
Game mode
Random Map
Map size
Tiny (2 player)
Population
200
Speed
Normal
Resources
Standard
Victory
Conquest
Starting age
Dark Age
Ending age
Imperial Age
RankedLock teamsTeams togetherTeam positionsShared explorationLock speedFull tech treeHidden civsTurbo modeCheats
Victory
Defeat
🇨🇳 Turks · China
965
+17
🇮🇹 Franks · Italy
996
-17
3230289630
10:54 Feudal Age
11:24 Double-Bit Axe
11:20 Horse Collar
11:33 Gold Mining
17:40 Castle Age
19:13 Gold Shaft Mining
22:09 Imperial Age
20:07 Bow Saw
20:30 Padded Archer Armor
20:38 Heavy Plow
21:46 Leather Archer Armor
27:32 Ring Archer Armor
29:12 Loom
150490644@
10:26 Feudal Age
12:31 Double-Bit Axe
15:17 Castle Age
14:59 Wheelbarrow
16:09 Stone Mining
17:46 Bow Saw
21:49 Hand Cart
23:36 Husbandry
24:04 Scale Barding Armor
26:34 Gold Mining
27:09 Forging
29:09 Gold Shaft Mining
Connection lost

Rejoining the realm…

Still unreachable

The connection could not be restored.

Session expired

The server has moved on; the page needs a fresh start.